 Dungeon Crawl Stone Soup version 0.32-a0-290-g598725c5f2 (webtiles) character file.

Game seed: 11155707852763815489

75943 starts1789 the Earth Mage (level 15, -1/93 HPs)
             Began as a Gargoyle Earth Elementalist on Feb 13, 2024.
             Was a High Priest of Vehumet.
             Slain by a +1 heavy broad axe (4 damage)
             ... on level 1 of the Elven Halls.
             The game lasted 01:58:49 (31211 turns).

starts1789 the Earth Mage (GrEE)                   Turns: 31211, Time: 01:58:50

Health: -1/93      AC: 26    Str: 14    XL:     15   Next: 51%
Magic:  19/28      EV: 13    Int: 33    God:    Vehumet [*****.]
Gold:   1596       SH:  6    Dex: 10    Spells: 16/33 levels left

rFire   . . .        w - staff of cold
rCold   + + .        C - +2 buckler {rC+}
rNeg    + . .        J - +0 acid dragon scales
rPois   ∞            u - +1 helmet
rElec   +            K - +0 cloak
rCorr   +            P - +2 pair of gloves
SInv    .            (no boots)
Will    +....        F - amulet of the acrobat
Stlth   +            x - +6 ring of intelligence
HPRegen 0.35/turn    A - +6 ring of intelligence
MPRegen 0.21/turn

%: acrobat
@: flying
A: sickness immunity, AC +11, big wings, negative energy resistance 1,
electricity resistance, torment resistance 1, petrification resistance
a: Renounce Religion


You were on level 1 of the Elven Halls.
You worshipped Vehumet.
Vehumet was extremely pleased with you.
You visited 5 branches of the dungeon, and saw 21 of its levels.
You also visited: Sewer, Ice Cave and Desolation.

You collected 1987 gold pieces.
You spent 391 gold pieces at shops.

Inventory:

Armour
 u - a +1 helmet (worn)
 C - a +2 buckler of cold resistance (worn)
 J - +0 acid dragon scales (worn)
 K - a +0 cloak (worn)
 P - a +2 pair of gloves (worn)
Magical Staves
 w - a staff of cold (weapon)
Jewellery
 a - a ring of resist corrosion
 v - an amulet of magic regeneration
 x - a +6 ring of intelligence (left hand)
 A - a +6 ring of intelligence (right hand)
 F - an amulet of the acrobat (around neck)
 L - a ring of fire
 S - a ring of wizardry
 X - a ring of ice
 Y - a ring of magical power
Wands
 k - a wand of digging (6)
 n - a wand of acid (13)
 y - a wand of roots (7)
 G - a wand of charming (2)
 H - a wand of flame (59)
 O - a wand of mindburst (22)
 T - a wand of polymorph (9)
Scrolls
 c - a scroll of enchant armour
 f - 2 scrolls of torment
 g - 3 scrolls of fog
 i - 3 scrolls of poison
 j - a scroll of vulnerability {unknown}
 m - a scroll of brand weapon
 o - a scroll of revelation
 r - 3 scrolls of blinking
 t - 2 scrolls of amnesia {unknown}
 B - 3 scrolls of immolation {unknown}
 D - a scroll of fear {unknown}
 M - a scroll of enchant weapon {unknown}
 N - a scroll of noise {unknown}
 V - a scroll of butterflies
 Z - 3 scrolls of silence {unknown}
Potions
 b - a potion of magic
 d - a potion of invisibility {unknown}
 h - 2 potions of berserk rage
 l - 3 potions of cancellation
 p - 2 potions of resistance
 q - 3 potions of haste
 s - 2 potions of mutation
 z - a potion of might
 E - 7 potions of curing
 I - 3 potions of brilliance {unknown}
 Q - 3 potions of enlightenment
 R - a potion of ambrosia
 U - 2 potions of attraction
 W - 2 potions of lignification


   Skills:
 + Level 10.8 Fighting
 + Level 3.2 Staves
 + Level 9.2 Armour
 + Level 8.5 Dodging
 - Level 2.1 Stealth
 + Level 3.5 Shields
 * Level 9.7 Spellcasting
 + Level 14.3 Conjurations
 * Level 4.8 Ice Magic
 + Level 15.8 Earth Magic


You had 16 spell levels left.
You knew the following spells:

 Your Spells              Type           Power      Damage    Failure   Level
a - Sandblast             Erth           100%       2d20      0%          1
b - Stone Arrow           Conj/Erth      100%       3d13      1%          3
c - Brom's Barrelling Bo  Conj/Erth      86%        2d10      1%          4
d - Petrify               Alch/Erth      62%        N/A       1%          4
e - Iskenderun's Battles  Conj           84%        2d13      1%          5

Your spell library contained the following spells:

 Spells                   Type           Power      Damage    Failure   Level
 Arcjolt                  Conj/Air       29%        1d39      2%          5
 Magic Dart               Conj           100%       1d8       0%          1
 Freeze                   Ice            100%       1d10      1%          1
 Momentum Strike          Conj/Tloc      100%       3d10      1%          2
 Dazzling Flash           Conj/Hex       100%       N/A       1%          3
 Frozen Ramparts          Ice            100%       1d16      1%          3
 Hailstorm                Conj/Ice       87%        3d14      1%          3
 Mephitic Cloud           Conj/Alch/Air  47%        N/A       1%          3
 Passwall                 Erth           88%        N/A       1%          3
 Ozocubu's Armour         Ice            64%        N/A       2%          3
 Apportation              Tloc           32%        N/A       5%          1
 Necrotise                Necr           64%        1d7       5%          1
 Blink                    Tloc           32%        N/A       8%          2
 Call Imp                 Summ           32%        N/A       8%          2
 Jinxbite                 Hex            32%        N/A       8%          2
 Lesser Beckoning         Tloc           32%        N/A       8%          2
 Metabolic Englaciation   Hex/Ice        24%        N/A       47%         5
 Ozocubu's Refrigeration  Ice            32%        4d14      80%         7
 Alistair's Intoxication  Alch           10%        N/A       82%         5
 Curse of Agony           Necr           16%        N/A       82%         5
 Silence                  Hex/Air        8%         N/A       82%         5
 Sculpt Simulacrum        Ice/Alch       24%        N/A       96%         6
 Summon Hydra             Summ           8%         N/A       100%        7
 Polar Vortex             Ice            32%        12d4*     100%        9
 Sublimation of Blood     Necr           Unusable   N/A       N/A         2

Dungeon Overview and Level Annotations

Branches:
Dungeon (11/15)            Temple (1/1) D:4            Lair (5/5) D:9
 Shoals (0/4) Lair:2       Spider (0/4) Lair:3        Slime (0/5) Lair:4
    Orc (2/2) D:10            Elf (2/3) Orc:2         Sewer (visited)
  IceCv (visited)         Desolation (visited)

Altars:
Ashenzari
Cheibriados
Dithmenos
Elyvilon
Fedhas
Gozag
Hepliaklqana
Kikubaaqudgha
Makhleb
Nemelex Xobeh
Okawaru
Qazlal
Ru
Sif Muna
Trog
Uskayaw
Vehumet
Wu Jian
Xom
Yredelemnul
Zin
The Shining One
Beogh

Shops:
D:8 (   Orc:2 ![*=


Innate Abilities, Weirdness & Mutations

You are immune to sickness and miasma.
Your stone body is resilient. (AC +11)
You are immune to poison.
Your large and strong wings let you fly.
You resist negative energy. (rN+)
You are resistant to electric shocks. (rElec)
You are resistant to unholy torment.
You are immune to petrification.


Message History

Aiming: Sandblast (safe; 0% risk of failure)
Press: ? - help, Shift-Dir - straight line, f/p - +1 heavy broad axe
Aim: a +1 heavy broad axe (almost destroyed, 72% to hit)
The blast of sand hits the +1 heavy broad axe but does no damage.
The +1 heavy broad axe is almost destroyed.
The +1 heavy broad axe hits you!
Unknown command.
You hit the +1 heavy broad axe but do no damage.
The +1 heavy broad axe is almost destroyed.
The +1 heavy broad axe hits you!!
* * * LOW HITPOINT WARNING * * *
You feel much better. The +1 heavy broad axe hits you!
* * * LOW HITPOINT WARNING * * *
You feel much better. The +1 heavy broad axe hits you!!
* * * LOW HITPOINT WARNING * * *
You feel much better.
The +1 heavy broad axe hits you but does no damage.
Casting: Sandblast (safe; 0% risk of failure)
Confirm with . or Enter, or press ? or * to list all spells.
Aiming: Sandblast (safe; 0% risk of failure)
Press: ? - help, Shift-Dir - straight line, f/p - +1 heavy broad axe
Aim: a +1 heavy broad axe (severely damaged, 72% to hit)
The blast of sand hits the +1 heavy broad axe but does no damage.
The +1 heavy broad axe is severely damaged.
The +1 heavy broad axe hits you!
* * * LOW HITPOINT WARNING * * *
The +1 heavy broad axe hits you!
* * * LOW HITPOINT WARNING * * *
You feel much better.
You feel much better. The +1 heavy broad axe hits you!!
Magic courses through your body. The +1 heavy broad axe hits you!!
* * * LOW HITPOINT WARNING * * *
Casting: Sandblast (safe; 0% risk of failure)
Confirm with . or Enter, or press ? or * to list all spells.
Aiming: Stone Arrow (safe; 1% risk of failure)
Press: ? - help, Shift-Dir - straight line, f/p - +1 heavy broad axe
Aim: a +1 heavy broad axe (severely damaged, 58% to hit)
The stone arrow misses the +1 heavy broad axe.
The +1 heavy broad axe hits you.
You die...

.. ... #..#..
#....... .#..
###)..
###....9§ e..
#...# ..
##...9.
.####)####.#(#
. ###+##
...........e.#+
###.#..#####.#
#..).# ##.##
#..#)###(##
#....##@##
#......###
+....)...#
#......###
#.)..### #..###
####


You could see a +1 heavy broad axe.

Vanquished Creatures
  Kirke (Lair:4)
  A reaper (IceCv)
  An orc warlord (Orc:2)
  Nessos (Lair:4)
  The ghost of Sirira the Fighter, a journeyman MiMo of Uskayaw (Lair:5)
  Snorg (Lair:4)
  5 hydras
  A catoblepas (Lair:5)
  7 orc high priests
  A boulder beetle (D:11)
  A deep troll shaman (Lair:5)
  10 death yaks
  A skyshark (Lair:4)
  Amaemon (Lair:2)
  A pharaoh ant (Lair:3)
  Pikel (D:6)
  A lindwurm (Lair:5)
  6 deep elf zephyrmancers (Elf:1)
  A deep elf archer (Elf:1)
  12 orc knights
  The ghost of kae the Changeling, a novice DsSh (D:7)
  4 deep elf pyromancers (Elf:1)
  3 orc sorcerers
  A cyclops (D:11)
  2 kobold blastminers
  6 black mambas
  2 ice statues (IceCv)
  8 elephants
  The ghost of lurch the Firebug, a novice OnFE of Sif Muna (D:8)
  An orange demon (Lair:2)
  7 cane toads
  A kobold demonologist (D:8)
  6 komodo dragons
  3 rime drakes
  An anaconda simulacrum (IceCv)
  A freezing wraith (IceCv)
  7 ice devils (IceCv)
  7 trolls
  3 polar bears
  Prince Ribbit (D:8)
  2 saltlings (Elf:1)
  12 blink frogs
  12 dream sheep (Lair:3)
  A dire elephant simulacrum (IceCv)
  An air elemental (Elf:1)
  4 basilisks
  A wraith (D:11)
  Eustachio (D:6)
  2 vampires
  3 hogs (Lair:3)
  33 yaks
  4 wyverns
  2 wargs (Orc:1)
  A redback (Lair:3)
  A steam dragon (D:8)
  5 vampire mosquitoes (D:11)
  A harpy simulacrum (IceCv)
  10 water moccasins
  3 acid dragons
  2 ice beasts (D:7)
  33 orc warriors
  2 sky beasts (D:8)
  Duvessa (D:6)
  Pargi (Sewer)
  6 black bears
  2 ogres (Orc:1)
  23 wolves
  2 centaurs
  2 phantoms
  3 lemures
  13 kobold brigands
  A brain worm (shapeshifter) (Elf:1)
  2 brain worms (Sewer)
  5 bullfrogs
  A gnoll sergeant (D:8)
  4 scorpions
  3 cane toad simulacra
  A hornet simulacrum (D:7)
  Dowan (D:6)
  10 killer bees
  3 elephant simulacra (IceCv)
  3 electric eels (D:8)
  3 bombardier beetles
  8 crimson imps (D:9)
  A wyvern simulacrum (D:7)
  A hound (D:5)
  31 orc priests
  5 gnoll boudas
  A water moccasin simulacrum (D:7)
  3 jellies
  4 iguanas
  2 sleepcaps
  21 orc wizards
  5 troll simulacra
  A polar bear simulacrum (IceCv)
  4 spriggan simulacra
  4 adders
  27 gnolls
  A river rat (D:4)
  5 naga simulacra
  A shadow imp (D:9)
  6 white imps
  3 ufetubi
  3 dart slugs
  84 orcs
  3 endoplasms
  4 giant cockroaches
  4 goblins
  4 hobgoblins
  4 jackals
  4 quokkas
  6 ball pythons
  4 bats
  6 frilled lizards
  29 kobolds
  6 rats
  A butterfly (D:4)
643 creatures vanquished.

Vanquished Creatures (collateral kills)
  57 boulders
57 creatures vanquished.

Vanquished Creatures (others)
  65 boulders
65 creatures vanquished.

Grand Total: 765 creatures vanquished

Notes
Turn   | Place    | Note
-------+----------+-------------------------------------------
     0 | D:1      | starts1789 the Gargoyle Earth Elementalist began the quest
                  | for the Orb.
     0 | D:1      | Reached XP level 1. HP: 10/10 MP: 3/3
   256 | D:1      | Reached XP level 2. HP: 15/15 MP: 3/5
   436 | D:1      | Reached skill level 4 in Earth Magic
   438 | D:1      | Reached XP level 3. HP: 18/19 MP: 2/6
   443 | D:1      | Learned a level 3 spell: Stone Arrow
  1213 | D:2      | Reached XP level 4. HP: 24/24 MP: 5/7
  1690 | D:3      | Noticed a black bear
  2095 | D:3      | Killed a black bear
  2096 | D:3      | Reached skill level 1 in Fighting
  2096 | D:3      | Reached XP level 5. HP: 29/29 MP: 7/9
  2101 | D:3      | Learned a level 4 spell: Brom's Barrelling Boulder
  2320 | D:3      | Reached XP level 6. HP: 34/34 MP: 8/10
  2517 | D:4      | Reached skill level 5 in Earth Magic
  2592 | D:4      | Noticed a black bear
  2655 | D:4      | Reached XP level 7. HP: 40/40 MP: 7/12
  2684 | D:4      | Found a staircase to the Ecumenical Temple.
  2794 | D:4      | Found a glowing drain.
  2813 | Sewer    | Entered a sewer
  2845 | Sewer    | Noticed Pargi
  2853 | Sewer    | Killed Pargi
  3016 | Sewer    | Reached skill level 6 in Earth Magic
  3189 | Temple   | Entered the Ecumenical Temple
  3208 | Temple   | Became a worshipper of Sif Muna the Loreminder
  3628 | D:4      | Reached XP level 8. HP: 46/46 MP: 10/13
  3770 | D:4      | Reached skill level 5 in Conjurations
  4093 | D:5      | Entered Level 5 of the Dungeon
  4963 | D:6      | Noticed Eustachio
  4967 | D:6      | Killed Eustachio
  4968 | D:6      | Reached skill level 7 in Earth Magic
  5091 | D:6      | Identified the +1 war axe "Teherch" {pain, Fly rPois Str+4}
  5122 | D:6      | Noticed Pikel
  5743 | D:6      | Found a radiant altar of Vehumet.
  5934 | D:6      | Fell from the grace of Sif Muna
  5934 | D:6      | Became a worshipper of Vehumet
  6135 | D:6      | Noticed Duvessa
  6135 | D:6      | Noticed Dowan
  6139 | D:6      | Killed Duvessa
  6144 | D:6      | Killed Dowan
  6145 | D:6      | Reached XP level 9. HP: 52/52 MP: 1/15
  6813 | D:6      | Killed Pikel
  6814 | D:6      | Reached skill level 8 in Earth Magic
  7558 | D:7      | Found a runed translucent gate.
  7558 | D:7      | Found a runed translucent gate.
  7558 | D:7      | Found a runed translucent gate.
  7660 | D:7      | Noticed kae's ghost (novice DsSh)
  7921 | D:8      | Noticed Prince Ribbit
  7927 | D:8      | Killed Prince Ribbit
  7928 | D:8      | Reached skill level 5 in Fighting
  8025 | D:8      | Reached skill level 5 in Spellcasting
  8163 | D:8      | Reached * piety under Vehumet
  8163 | D:8      | Offered knowledge of Sting by Vehumet.
  8178 | D:8      | Reached skill level 9 in Earth Magic
  8525 | D:8      | Reached XP level 10. HP: 59/59 MP: 1/17
  8803 | D:8      | Reached skill level 5 in Dodging
  8963 | D:8      | Found a runed translucent gate.
  8964 | D:8      | Found a runed translucent gate.
  8964 | D:8      | Noticed lurch's ghost (novice OnFE)
  8965 | D:8      | Found a runed translucent gate.
  8965 | D:8      | Noticed a kobold demonologist
  9015 | D:8      | Found Jauzxid's Weapon Boutique.
  9102 | D:8      | Reached skill level 1 in Armour
 10195 | D:8      | Was forgiven by Sif Muna
 10592 | D:9      | Reached ** piety under Vehumet
 10731 | D:9      | Reached skill level 10 in Earth Magic
 10774 | D:9      | Offered knowledge of Foxfire by Vehumet.
 10927 | D:9      | Found a glowing silver altar of Zin.
 10929 | D:9      | Found a hide-covered altar of Uskayaw.
 10939 | D:9      | Noticed an elephant
 10954 | D:9      | Killed an elephant
 11094 | D:9      | Found a staircase to the Lair.
 11437 | D:7      | Killed kae's ghost
 11594 | D:8      | Reached XP level 11. HP: 66/66 MP: 13/19
 11648 | D:8      | Killed lurch's ghost
 11648 | D:8      | Offered knowledge of Mephitic Cloud by Vehumet.
 11767 | D:8      | Reached skill level 11 in Earth Magic
 12024 | D:9      | Learned a level 4 spell: Petrify
 12025 | D:10     | Entered Level 10 of the Dungeon
 12209 | D:10     | Reached *** piety under Vehumet
 12783 | D:10     | Reached skill level 10 in Conjurations
 12875 | D:10     | Found a staircase to the Orcish Mines.
 12903 | D:10     | Offered knowledge of Volatile Blastmotes by Vehumet.
 13350 | D:11     | Noticed a cyclops
 13353 | D:11     | Killed a cyclops
 13469 | D:11     | Noticed a boulder beetle
 13517 | Lair:1   | Entered Level 1 of the Lair of Beasts
 13717 | Lair:1   | Reached skill level 12 in Earth Magic
 13893 | Lair:1   | Reached **** piety under Vehumet
 13903 | Lair:1   | Reached XP level 12. HP: 72/72 MP: 5/22
 13904 | Lair:1   | Offered knowledge of Iskenderun's Mystic Blast by Vehumet.
 13941 | Lair:1   | Reached skill level 5 in Armour
 14664 | Lair:2   | Noticed Amaemon
 14722 | Lair:2   | Killed Amaemon
 14916 | Lair:2   | Found the +2 Maxwell's thermic engine {flame, freeze, rev}
 15000 | Lair:2   | Noticed a seven-headed hydra
 15015 | Lair:2   | Killed a seven-headed hydra
 15204 | Lair:2   | Found a staircase to the Shoals.
 15645 | Lair:3   | Reached skill level 13 in Earth Magic
 15972 | Lair:3   | Reached XP level 13. HP: 11/79 MP: 15/24
 16215 | Lair:3   | Found a hole to the Spider Nest.
 16333 | Lair:3   | Identified the +1 chain mail of Refuge {rElec rF- Str+3
                  | Stlth+}
 16729 | Lair:4   | Reached ***** piety under Vehumet
 16734 | Lair:4   | Offered knowledge of Iskenderun's Battlesphere by Vehumet.
 17254 | Lair:2   | Learned a level 5 spell: Iskenderun's Battlesphere
 17282 | Lair:4   | Noticed Nessos
 17543 | Lair:4   | Noticed Kirke
 17544 | Lair:4   | Noticed a sphinx
 18180 | Lair:4   | Killed Kirke
 18181 | Lair:4   | Reached skill level 14 in Earth Magic
 18261 | Lair:4   | Found a staircase to the Slime Pits.
 18303 | Lair:4   | Found an ornate altar of the Wu Jian Council.
 18460 | Lair:4   | Killed Nessos
 18509 | Lair:4   | Noticed Snorg
 18514 | Lair:4   | Killed Snorg
 19382 | Lair:5   | Entered Level 5 of the Lair of Beasts
 19535 | Lair:5   | Found a runed translucent door.
 19536 | Lair:5   | Noticed Sirira's ghost (journeyman MiMo)
 20734 | Lair:5   | Gained mutation: Your large and strong wings let you fly.
                  | [Gargoyle growth]
 20734 | Lair:5   | Reached XP level 14. HP: 83/86 MP: 10/26
 21434 | Lair:5   | Reached skill level 15 in Earth Magic
 22477 | Lair:5   | Reached skill level 10 in Fighting
 23405 | Lair:5   | Killed Sirira's ghost
 24088 | D:11     | Reached skill level 1 in Ice Magic
 24432 | D:11     | Found a glowing golden altar of the Shining One.
 24510 | Orc:1    | Entered Level 1 of the Orcish Mines
 24743 | Orc:1    | Reached skill level 1 in Shields
 24785 | Orc:1    | Reached skill level 1 in Staves
 24948 | Orc:1    | Found a shimmering blue altar of Sif Muna.
 25035 | Orc:1    | Got Sif Muna's Directory of Evil
 25156 | Orc:2    | Entered Level 2 of the Orcish Mines
 25243 | Orc:2    | Found a staircase to the Elven Halls.
 25276 | Orc:2    | Found a frozen archway.
 25280 | Orc:2    | Offered knowledge of Sticky Flame by Vehumet.
 25284 | IceCv    | Entered an ice cave
 26357 | IceCv    | Noticed a reaper
 26376 | IceCv    | Killed a reaper
 26472 | IceCv    | Identified the ring of Res Nullius {rC- rN+++ AC+4 Str+9
                  | Int-5}
 27166 | Orc:2    | Noticed an orc warlord
 27316 | Orc:1    | Found a roughly hewn altar of Beogh.
 28408 | Orc:2    | Reached XP level 15. HP: 81/93 MP: 18/28
 28892 | Orc:2    | Killed an orc warlord
 29170 | Orc:2    | Reached ****** piety under Vehumet
 29458 | Orc:2    | Offered knowledge of Arcjolt by Vehumet.
 29595 | Orc:2    | Found Ufoveyh's Jewellery Shop.
 29598 | Orc:2    | Found Nubogg's Armour Boutique.
 29599 | Orc:2    | Found Neroxo Zesu's Distillery.
 29600 | Orc:2    | Found Coavvaf's General Store.
 29603 | Orc:2    | Bought a potion of magic for 136 gold pieces
 29603 | Orc:2    | Bought 2 potions of heal wounds for 170 gold pieces
 29603 | Orc:2    | Bought a potion of heal wounds for 85 gold pieces
 30374 | Orc:2    | Found a roughly hewn altar of Beogh.
 30460 | Elf:1    | Entered Level 1 of the Elven Halls
 30706 | Elf:1    | Found a crumbling gateway.
 30712 | Desolati | Entered the Desolation of Salt
 30870 | Elf:1    | Noticed an orc warlord
 31210 | Elf:1    | HP: 3/93 [+1 heavy broad axe (29)]
 31211 | Elf:1    | Slain by a +1 heavy broad axe

Illustrated notes

Levels and vault maps discovered:
D:1:      erik_arrival_orb_chamber, layout_loops_corners
D:2:      layout_rooms, st_stairs_8
D:3:      layout_rooms, nicolae_kite_square_tiling_tiny,
          kennysheep_generic_room_15
D:4:      layout_basic, minmay_temple_entry_butterflies, portal_sewer_entry_e
D:5:      layout_cave_pods
D:6:      layout_basic, fiery_altar_vehumet, uniq_pikel, uniq_eustachio,
          uniq_duvessa
D:7:      layout_rooms, gammafunk_ghost_icy, blue_anna_alchemist,
          nicolae_eternal_life, minmay_misc_feat_tiny
D:8:      nicolae_moon_pools, layout_loops_ring, gammafunk_ghost_nasty_kobolds,
          serial_shops, nicolae_shop_tiny_real_fake_doors,
          minmay_fractal_squares_gapless_5, uniq_prince_ribbit1
D:9:      layout_basic, chequers_temple_overflow_statue_of_worship,
          david_lair_generic, minmay_nine_imps
D:10:     layout_long_grid, orc_0_dummy
D:11:     layout_basic, nicolae_tso_carved_into_rock
Temple:   nicolae_temple_bog_church
Lair:1:   layout_loops_ring, serial_bayou_shore_b, lemuel_fruit_tree,
          grunt_megastairs_3
Lair:2:   layout_misc_corridors, elwin_shoals_entry_rocks, uniq_amaemon
Lair:3:   layout_chaotic_city, nicolae_spider_entry_lesser_pyramids
Lair:4:   layout_regular_city, slime_entry_1, basic_altar, serial_bayou_shore_a,
          uniq_nessos, uniq_snorg, uniq_kirke
Lair:5:   grunt_lair_end_beastmaster, layout_long_grid, gammafunk_ghost_grave,
          grunt_megastairs_5, lemuel_fruit_fields
Orc:1:    layout_caves, basic_altar, led_sif_book
Orc:2:    st_orc_pillars, layout_caves, portal_ice_cave_entry_ice_simulacra,
          lightli_church_of_beogh
Elf:1:    elf_arrival_001, layout_geoelf_octagon, special_room
          [special_room_orc], portal_desolation_entry_nicolae_slug,
          serial_shops, shop, minmay_elf_annihilation
Elf:2:    elven_hall_of_blades_hangedman_original [mumra_blade_entry_bloodbath],
          layout_geoelf_grid

Skill      XL: |  1  2  3  4  5  6  7  8  9 10 11 12 13 14 15 |
---------------+----------------------------------------------+-----
Dodging        | 2 3 4 5 6 7 8 |  8.5
Earth Magic    | 4 5 6 7 9 10 12 13 14 15 | 15.8
Conjurations   | 2 3 4 6 7 9 10 12 13 14 | 14.3
Fighting       | 1 2 3 4 5 6 7 8 9 10 | 10.8
Spellcasting   | 3 4 5 6 7 8 9 |  9.7
Armour         | 3 4 6 7 8 9 |  9.2
Ice Magic      | 3 4 |  4.8
Shields        | 2 3 |  3.5
Staves         | 2 3 |  3.2
Stealth        | |  2.1

Action                     |  1- 3 |  4- 6 |  7- 9 | 10-12 | 13-15 || total
---------------------------+-------+-------+-------+-------+-------++-------
  Melee: Spear             |     2 |    10 |    13 |       |       ||    25
         War axe           |       |       |    14 |     6 |     5 ||    25
         Staff             |       |       |       |       |    29 ||    29
   Cast: Sandblast         |    34 |    65 |   119 |   262 |   516 ||   996
         Stone Arrow       |       |     1 |    41 |    36 |   290 ||   368
         Brom's Barrelling |       |       |    18 |    58 |    88 ||   164
         Petrify           |       |       |       |     4 |    11 ||    15
         Iskenderun's Batt |       |       |       |       |    59 ||    59
  Evoke: Wand              |       |     1 |       |       |     1 ||     2
    Use: Scroll            |       |     1 |       |     1 |    30 ||    32
         Potion            |       |       |       |       |     7 ||     7
 Armour: Robe              |     8 |    18 |    65 |     4 |       ||    95
         Acid dragon scale |       |       |       |   201 |   641 ||   842
  Dodge: Dodged            |    13 |    26 |    59 |   319 |   485 ||   902
  Block: Buckler           |       |       |       |       |   105 ||   105

Table legend: (Time is in decaauts)
 A = Elapsed time spent in this place.
 B = Non-inter-level travel time spent in this place.
 C = Inter-level travel time spent in this place.
 D = Time resting spent in this place.
 E = Time spent auto-exploring this place.
 F = Levels seen in this place.
 G = Mean time per level.
                   A        B        C        D        E       F      G
               +--------+--------+--------+--------+--------+-----+--------+
         Total |  31824 |  29182 |   2642 |   1328 |  21880 |  24 | 1326.0 |
       Dungeon |  14366 |  12919 |   1447 |    424 |  10025 |  11 | 1306.0 |
        Temple |     38 |      2 |     36 |      0 |      0 |   1 |   38.0 |
          Lair |  10192 |   9378 |    814 |    267 |   7444 |   5 | 2038.4 |
  Orcish Mines |   4846 |   4502 |    344 |    207 |   3109 |   2 | 2423.0 |
   Elven Halls |    701 |    701 |      0 |    234 |    277 |   2 |  350.5 |
         Sewer |    373 |    373 |      0 |     89 |    155 |   1 |  373.0 |
      Ice Cave |   1301 |   1301 |      0 |    107 |    869 |   1 | 1301.0 |
    Desolation |      4 |      4 |      0 |      0 |      0 |   1 |    4.0 |
               +--------+--------+--------+--------+--------+-----+--------+

Top non-repeatable levels by time:
  Lair:5: 3080 daAuts
     D:8: 2631 daAuts
  Lair:4: 2460 daAuts
   Orc:2: 2438 daAuts
   Orc:1: 2407 daAuts
  Lair:3: 2368 daAuts
     D:6: 1663 daAuts
     D:9: 1575 daAuts
     D:7: 1561 daAuts
   IceCv: 1301 daAuts
     D:4: 1184 daAuts
  Lair:2: 1150 daAuts
     D:1: 1140 daAuts
  Lair:1: 1132 daAuts
    D:10: 1116 daAuts
